 Dungeon Crawl Stone Soup version 0.30-a0-341-g682706514a (webtiles) character file.

Game seed: 4534943642279353742

1951 NinjaNoafa the Slicer (level 9, -4/71 HPs)
             Began as a Merfolk Gladiator on Nov 2, 2022.
             Was a Priest of Uskayaw.
             Succumbed to a gnoll's poison
             ... on level 6 of the Dungeon.
             The game lasted 00:14:08 (5021 turns).

NinjaNoafa the Slicer (Merfolk Gladiator)           Turns: 5021, Time: 00:14:09

Health: -4/71      AC:  6    Str: 13 (15) XL:     9   Next: 18%
Magic:  2/8        EV: 15    Int:  5 (7)  God:    Uskayaw [***...]
Gold:   319        SH:  0    Dex: 18 (19) Spells: 8/8 levels left

rFire   + . .      SeeInvis .    s - +4 dagger
rCold   + . .      Faith    +    (no shield)
rNeg    . . .      Spirit   .    b - +0 leather armour
rPois   +          Reflect  .    c - +0 helmet
rElec   +          Harm     .    (no cloak)
rCorr   +          Rampage  .    (no gloves)
Will    .....                    m - +1 pair of boots
Stlth   +++.......               e - amulet of faith
HPRegen 0.31/turn                p - ring of resist corrosion
MPRegen 0.11/turn                (no ring)

@: lethally poisoned (-4 -> -34), resistant
A: (nimble swimmer 2), mertail, low MP 1, sense surroundings 1
a: Renounce Religion, Stomp, Line Pass


You were on level 6 of the Dungeon.
You worshipped Uskayaw.
Uskayaw was noncommittal.
You visited 2 branches of the dungeon, and saw 7 of its levels.
You also visited: Ossuary.

You collected 319 gold pieces.

Inventory:

Hand Weapons
 s - a +4 dagger (weapon)
Missiles
 d - 3 throwing nets
 f - 41 stones
 t - 4 poisoned darts
 G - a boomerang (quivered)
Armour
 b - a +0 leather armour (worn)
 c - a +0 helmet (worn)
 m - a +1 pair of boots (worn)
Jewellery
 e - an amulet of faith (around neck)
 p - a ring of resist corrosion (left hand)
Wands
 g - a wand of polymorph (5)
 F - a wand of acid (11)
Scrolls
 a - 2 scrolls of poison {unknown}
 h - 2 scrolls of enchant armour {unknown}
 i - 2 scrolls of butterflies {unknown}
 j - 6 scrolls of identify {unknown}
 k - 5 scrolls of teleportation {unknown}
 o - 3 scrolls of blinking {unknown}
 q - 3 scrolls of summoning
 r - a scroll of magic mapping {unknown}
 u - 2 scrolls of vulnerability {unknown}
 v - a scroll of amnesia {unknown}
 w - a scroll of noise {unknown}
 x - a scroll of silence {unknown}
 y - 4 scrolls of immolation {unknown}
 B - a scroll of fear {unknown}
Potions
 l - 2 potions of magic
 n - a potion of degeneration
 z - 2 potions of brilliance {unknown}
 A - 2 potions of mutation
 C - 2 potions of resistance
 D - a potion of cancellation {unknown}
 E - a potion of ambrosia {unknown}


   Skills:
 + Level 6.4 Fighting
 - Level 9.0 Short Blades
 - Level 3.0 Throwing
 - Level 7.0 Dodging
 - Level 7.0 Stealth


You had 8 spell levels left.
You didn't know any spells.
Your spell library contained the following spells:

 Spells                   Type           Power      Damage    Failure   Level
 Beastly Appendage        Tmut           0%         N/A       56%         1
 Kiss of Death            Conj/Necr      0%         2d5       56%         1
 Cigotuvi's Dreadful Rot  Necr/Pois/Air  0%         N/A       71%         2
 Poisonous Vapours        Pois/Air       0%         N/A       71%         2
 Wereblood                Tmut           0%         N/A       71%         2
 Confusing Touch          Hex            0%         N/A       90%         3
 Mephitic Cloud           Conj/Pois/Air  0%         N/A       90%         3
 Spider Form              Tmut/Pois      0%         N/A       90%         3
 Dispel Undead            Necr           0%         3d6       100%        4


Dungeon Overview and Level Annotations

Branches:
Dungeon (6/15)             Temple (1/1) D:5         Ossuary (visited)

Altars:
Ashenzari
Dithmenos
Elyvilon
Fedhas
Kikubaaqudgha
Makhleb
Nemelex Xobeh
Okawaru
Qazlal
Ru
Sif Muna
Trog
Uskayaw
Yredelemnul
Zin

Shops:
D:1 :


Innate Abilities, Weirdness & Mutations

((You are very nimble when in or above water. (Stealth+, EV+, Speed+++)))
Your lower body shifts to a powerful aquatic tail in water.
Your magical capacity is low. (-10% MP)
You passively map a small area around you.


Message History

You kill the gnoll!
The gnoll seems less confused. x2; The gnoll misses you.
The gnoll hits you with a +1 spear of venom.
You are poisoned.
You hit the gnoll but do no damage.
You feel sick.
You stomp with the beat, sending a shockwave through the revellers around you!
The gnoll is severely wounded.
The gnoll is moderately wounded.
You feel sick. The gnoll hits you with a +0 whip.
The gnoll hits you with a +1 spear of venom.
You are more poisoned.
Uskayaw will force your foes to helplessly watch your dance.
Okay, then.
Okay, then.
The gnoll attacks as you move away!
The gnoll hits you with a +1 spear of venom.
You feel very sick.
You hear a distant slurping noise.
The gnoll hits you but does no damage.
You are lethally poisoned!
It was a potion of resistance.
You feel protected.
* * * LOW HITPOINT WARNING * * *
You feel very sick. The gnoll hits you but does no damage.
The gnoll hits you from afar with a +1 spear of venom.
* * * LOW HITPOINT WARNING * * *
You are more poisoned.
It was a potion of mutation.
You feel extremely strange.
You feel a strange attunement to the structure of the dungeons.
You feel less energetic.
* * * LOW HITPOINT WARNING * * *
You feel extremely sick.
The gnoll hits you from afar with a +1 spear of venom.
* * * LOW HITPOINT WARNING * * *
You are more poisoned.
It was a potion of degeneration.
There was something very wrong with that liquid.
You feel weakened.
You feel dopey.
You feel clumsy.
You die...

, , , , , ........
, .... ,........
.... #.....# .....
* ####.....# ....,
,.........# ...# *
*
.........##...##.
,
.................
........g@)......
,,, ,
#.##..).##......
*##+####.##..g.#
..... ,
..............#*
.##.,
..............#*,,
#* ,
.............#,
,,,
###+###.........#
,
.....##....)....#
.....##...##....#


You could see 2 gnolls.

Vanquished Creatures
  Grinder (D:4)
  The ghost of eyols the Chiller, an amateur NaIE (D:4)
  Sigmund (D:4)
  Menkaure (Ossuary)
  A water moccasin (D:5)
  A black bear (D:5)
  2 ogres (D:6)
  2 necrophages (D:5)
  A scorpion (D:5)
  A troll zombie (Ossuary)
  A howler monkey (D:6)
  3 centaur zombies (Ossuary)
  A hound (D:5)
  A jelly (D:5)
  A gnoll bouda (D:6)
  Ijyb (D:4)
  Terence (D:3)
  An iguana (D:3)
  An ogre zombie (Ossuary)
  6 mummies (Ossuary)
  2 gnolls (D:6)
  8 adders
  An ufetubus (D:4)
  3 adder zombies (Ossuary)
  A worm (D:2)
  2 dart slugs
  An orc (D:3)
  9 ball pythons
  12 endoplasms
  3 giant cockroaches
  A gnoll zombie (Ossuary)
  5 goblins
  6 hobgoblins
  4 quokkas
  2 bats (D:1)
  2 frilled lizards (D:1)
  4 goblin zombies
  6 hobgoblin zombies (Ossuary)
  5 kobolds
  2 kobold zombies (Ossuary)
  4 quokka zombies (Ossuary)
  11 rats
  7 rat zombies
130 creatures vanquished.

Vanquished Creatures (collateral kills)
  A scorpion (D:5)
  An orc (D:5)
  3 jackals (D:5)
  A quokka (D:5)
6 creatures vanquished.

Grand Total: 136 creatures vanquished

Notes
Turn   | Place    | Note
-------+----------+-------------------------------------------
     0 | D:1      | NinjaNoafa the Merfolk Gladiator began the quest for the
                  | Orb.
     0 | D:1      | Reached XP level 1. HP: 16/16 MP: 1/1
   137 | D:1      | Reached skill level 1 in Stealth
   206 | D:1      | Reached XP level 2. HP: 18/22 MP: 2/2
   378 | D:1      | Found a faded altar of an unknown god.
   591 | D:1      | Reached XP level 3. HP: 10/27 MP: 3/3
   690 | D:1      | Found Mivunu's Book Shoppe.
   831 | D:2      | Reached skill level 5 in Dodging
  1066 | D:2      | Reached XP level 4. HP: 30/33 MP: 4/4
  1070 | D:2      | Reached skill level 4 in Short Blades
  1201 | D:2      | Identified the +2 leather armour "Damnable Contraption"
                  | {rC+ Str+2 Stlth+}
  1680 | D:3      | Reached skill level 5 in Short Blades
  1680 | D:3      | Reached XP level 5. HP: 7/39 MP: 5/5
  1843 | D:3      | Found a broken altar of Ashenzari.
  2136 | D:3      | Noticed Terence
  2160 | D:3      | Killed Terence
  2332 | D:3      | Found a basalt altar of Yredelemnul.
  2332 | D:3      | Found a glowing silver altar of Zin.
  2721 | D:4      | Noticed Grinder
  2723 | D:4      | Paralysed by Grinder for 2 turns
  2753 | D:4      | Killed Grinder
  2754 | D:4      | Reached skill level 5 in Stealth
  2754 | D:4      | Reached XP level 6. HP: 22/47 MP: 6/6
  2856 | D:4      | Noticed Ijyb
  2873 | D:4      | Killed Ijyb
  3147 | D:4      | Found a runed translucent gate.
  3147 | D:4      | Noticed eyols's ghost (amateur NaIE)
  3148 | D:4      | Found a runed translucent gate.
  3149 | D:4      | Found a runed translucent gate.
  3245 | D:4      | Noticed Sigmund
  3253 | D:4      | Killed Sigmund
  3254 | D:4      | Reached skill level 7 in Short Blades
  3254 | D:4      | Reached XP level 7. HP: 52/52 MP: 7/7
  3470 | D:4      | Killed eyols's ghost
  3471 | D:4      | Reached skill level 5 in Fighting
  3534 | D:5      | Entered Level 5 of the Dungeon
  3544 | D:5      | Found a sacrificial altar of Ru.
  3577 | D:5      | Reached XP level 8. HP: 62/62 MP: 8/8
  3643 | D:5      | Found a sand-covered staircase.
  3666 | Ossuary  | Entered an ossuary
  4045 | Ossuary  | Reached skill level 8 in Short Blades
  4049 | Ossuary  | Noticed Menkaure
  4056 | Ossuary  | Killed Menkaure
  4234 | D:5      | Found a staircase to the Ecumenical Temple.
  4267 | Temple   | Entered the Ecumenical Temple
  4388 | Temple   | Became a worshipper of Uskayaw the Reveller
  4467 | D:5      | Reached * piety under Uskayaw
  4548 | D:5      | Reached ** piety under Uskayaw
  4556 | D:5      | Reached *** piety under Uskayaw
  4559 | D:5      | Reached **** piety under Uskayaw
  4915 | D:5      | Reached skill level 9 in Short Blades
  4915 | D:5      | Reached XP level 9. HP: 64/68 MP: 9/9
  4970 | D:6      | Reached ***** piety under Uskayaw
  5020 | D:6      | Gained mutation: You passively map a small area around you.
                  | [potion of mutation]
  5020 | D:6      | Gained mutation: Your magical capacity is low. (-10% MP)
                  | [potion of mutation]
  5020 | D:6      | HP: 3/71 [gnoll/+1 spear of venom[a gnoll bouda] (2)]
  5021 | D:6      | Succumbed to a gnoll's poison

Illustrated notes

Levels and vault maps discovered:
D:1:      minmay_arrival_semitransparent, layout_loops_cross,
          shapermc_ecumenical_altar_starsandcircs, serial_shops, shop
D:2:      layout_loops_ring
D:3:      wander_river, layout_basic, evilmike_ruin_ashenzari,
          gammafunk_temple_overflow_wave, uniq_terence
D:4:      layout_basic, ebering_ghost_rock_garden, uniq_ijyb, uniq_sigmund,
          uniq_grinder
D:5:      layout_cave_pools, lemuel_round_altar, temple_fountains,
          enter_ossuary_4, kennysheep_cross_room
D:6:      layout_gridville
Temple:   hellmonk_temple_flake

Skill      XL: |  1  2  3  4  5  6  7  8  9 |
---------------+----------------------------+-----
Stealth        | 1 2 3 5 7 |  7.0
Dodging        | 5 7 |  7.0
Short Blades   | 5 7 9 |  9.0
Fighting       | 3 5 6 |  6.4
Throwing       | 3 |  3.0

Action                   |  1- 3 |  4- 6 |  7- 9 || total
-------------------------+-------+-------+-------++-------
Melee: Rapier            |   111 |    76 |       ||   187
       Punch             |     1 |     2 |     8 ||    11
       Dagger            |       |    48 |   238 ||   286
       Unarmed           |       |     9 |       ||     9
Throw: Javelin           |       |    14 |     4 ||    18
       Dart              |       |     7 |     2 ||     9
       Throwing net      |       |     4 |     3 ||     7
       Stone             |       |       |     1 ||     1
       Boomerang         |       |       |     6 ||     6
Invok: Stomp             |       |       |     1 ||     1
       Line Pass         |       |       |     1 ||     1
Evoke: Wand              |       |       |     1 ||     1
  Use: Potion            |       |     2 |     5 ||     7
       Scroll            |       |       |     1 ||     1
 Stab: Sleeping          |     8 |     2 |    23 ||    33
       Confused          |       |     2 |       ||     2
       Paralysed         |       |       |     3 ||     3
       Held in net/web   |       |       |     1 ||     1
Armor: Leather armour    |    39 |    26 |    43 ||   108
Dodge: Dodged            |    92 |    86 |   110 ||   288

Table legend: (Time is in decaauts)
 A = Elapsed time spent in this place.
 B = Non-inter-level travel time spent in this place.
 C = Inter-level travel time spent in this place.
 D = Time resting spent in this place.
 E = Time spent auto-exploring this place.
 F = Levels seen in this place.
 G = Mean time per level.
                   A        B        C        D        E       F      G
               +--------+--------+--------+--------+--------+-----+--------+
         Total |   4878 |   4749 |    129 |      0 |   3674 |   8 |  609.8 |
       Dungeon |   4243 |   4138 |    105 |      0 |   3288 |   6 |  707.2 |
        Temple |    132 |    108 |     24 |      0 |     95 |   1 |  132.0 |
       Ossuary |    501 |    501 |      0 |      0 |    291 |   1 |  501.0 |
               +--------+--------+--------+--------+--------+-----+--------+

Top non-repeatable levels by time:
     D:3: 1080 daAuts
     D:4: 900 daAuts
     D:1: 790 daAuts
     D:2: 715 daAuts
     D:5: 700 daAuts
 Ossuary: 501 daAuts
  Temple: 132 daAuts
     D:6: 57 daAuts
